 Dungeon Crawl Stone Soup version 0.23-a0-402-g64599a1 (webtiles) character file.

202 GizzardofKazz the Cudgeler (level 5, -2/48 HPs)
             Began as a Gargoyle Monk on Nov 5, 2018.
             Killed by nerve-wracking pain
             ... invoked by an orc priest
              (4 damage)
             ... on level 3 of the Dungeon.
             The game lasted 00:06:36 (3021 turns).

GizzardofKazz the Cudgeler (Gargoyle Monk)          Turns: 3021, Time: 00:06:36

Health: -2/48      AC: 13    Str: 20    XL:     5   Next: 80%
Magic:  5/5        EV:  8    Int: 11    God:
Gold:   92         SH:  4    Dex: 12    Spells: 4/4 levels left

rFire    . . .     SeeInvis .   m - +0 whip
rCold    . . .     Gourm    .   n - +0 buckler
rNeg     + . .     Faith    .   b - +0 chain mail
rPois    ∞         Spirit   .   (no helmet)
rElec    +         Reflect  .   (no cloak)
rCorr    .         Harm     .   d - +0 pair of gloves
MR       .....                  (no boots)
Stlth    ..........             (no amulet)
HPRegen  0.16/turn              (no ring)
MPRegen  0.09/turn              (no ring)

@: berserking, very quick
A: negative energy resistance 1, electricity resistance, unbreathing,
petrification resistance, rot immunity, AC +4
a: no special abilities


You were on level 3 of the Dungeon.
You were not hungry.

You visited 1 branch of the dungeon, and saw 3 of its levels.

You collected 92 gold pieces.

Inventory:

Hand Weapons
 a - a +0 mace
 m - a +0 whip (weapon)
Armour
 b - a +0 chain mail (worn)
 d - a +0 pair of gloves (worn)
 n - a +0 buckler (worn)
Scrolls
 e - a scroll of random uselessness {unknown}
 f - 3 scrolls of identify {unknown}
 l - 3 scrolls of remove curse {unknown}
Potions
 g - a potion of agility {unknown}
 h - a potion of cancellation {unknown}
 k - a potion of curing
Comestibles
 c - 2 rations


   Skills:
 - Level 3.2 Fighting
 + Level 5.9 Maces & Flails
 - Level 2.4 Dodging
 - Level 2.1 Stealth
 + Level 2.1 Shields


You had 4 spell levels left.
You didn't know any spells.
Your spell library was empty.

Dungeon Overview and Level Annotations

Branches:
Dungeon (3/15)

Altars:

Annotations:
D:3 1 runed door


Innate Abilities, Weirdness & Mutations

You are resistant to torment.
Your stone body is resilient. (AC +4)
You are immune to poison.
You resist negative energy. (rN+)
You are resistant to electric shocks. (rElec)
You can survive without breathing.
You are immune to petrification.
You are immune to rotting.


Message History

You whack the orc priest!
The orc priest is almost dead.
The orc priest hits you with a +0 flail.
* * * LOW HITPOINT WARNING * * *
You barely miss the orc priest.
The orc priest is almost dead.
The orc priest hits you but does no damage.
You hit the orc priest.
You kill the orc priest!
Your Shields skill increases to level 2!
The orc priest hits you but does no damage.
Unknown command.
You barely miss the orc priest.
Unknown command.
You closely miss the orc priest. You whack the orc priest!
The orc priest is severely wounded.
The orc priest invokes the aid of Beogh against you.
Pain shoots through your body!
You die...

#........# ####
#........# #...
#<.......#### #...
#...........###...
#.........#..#....
#..........#.)....
#..............)..
#.o..........#.).#
#@)...............
#########....#.#..
.....#.#.##.
####.#.#.###
......# # ..#+#..#
# #..#S##.# #
S#..#


You could see an orc priest.

Vanquished Creatures
  An orc priest (D:3)
  4 adders (D:2)
  5 gnolls
  An ooze (D:1)
  4 worms
  2 dart slugs
  2 leopard geckos (D:1)
  2 orcs (D:2)
  5 giant cockroaches
  6 goblins
  9 hobgoblins (D:1)
  3 jackals (D:1)
  A ball python (D:1)
  6 bats
  3 frilled lizards
  9 kobolds
  6 rats
69 creatures vanquished.

Notes
Turn   | Place    | Note
-------+----------+-------------------------------------------
     0 | D:1      | GizzardofKazz the Gargoyle Monk began the quest for the
                  | Orb.
     0 | D:1      | Reached XP level 1. HP: 14/14 MP: 1/1
    52 | D:1      | Reached XP level 2. HP: 15/19 MP: 2/2
   268 | D:1      | Reached skill level 4 in Maces & Flails
   337 | D:1      | Reached XP level 3. HP: 4/23 MP: 3/3
  1301 | D:2      | Reached XP level 4. HP: 9/28 MP: 4/4
  1526 | D:2      | Reached skill level 5 in Maces & Flails
  1862 | D:2      | Reached XP level 5. HP: 23/32 MP: 5/5
  2144 | D:1      | Reached skill level 1 in Shields
  2689 | D:3      | Found a runed door.
  3016 | D:3      | HP: 2/48 [orc priest/+0 flail (5)]
  3021 | D:3      | Killed from afar by an orc priest

Vault maps used:
D:1:      zelgadis_glass_arrival_small, dk_noncrumbling_3,
          chequers_decorated_corner, minmay_hexomino_c4
D:3:      ebering_ghost_sewer_d

Skill      XL: |  1  2  3  4  5 |
---------------+----------------+-----
Maces & Flails | 4 5 |  5.9
Shields        | 2 |  2.1
Fighting       | |  3.2
Dodging        | |  2.4
Stealth        | |  2.1

Action                   |  1- 3 |  4- 6 || total
-------------------------+-------+-------++-------
Melee: Mace              |   126 |    20 ||   146
       Whip              |       |   188 ||   188
  Use: Potion            |       |     2 ||     2
 Stab: Sleeping          |     3 |     1 ||     4
  Eat: Chunk             |     1 |     6 ||     7
Armor: Robe              |    52 |    17 ||    69
       Ring mail         |       |    66 ||    66
       Chain mail        |       |    14 ||    14
Dodge: Dodged            |   114 |    90 ||   204
Block: Buckler           |       |    35 ||    35

Table legend:
 A = Non-vault XP
 B = Vault XP
 C = Vault XP percentage of total XP
 D = Non-vault monster count
 E = Vault monster count
 F = Vault count percentage of total count
                 A         B        C        D         E       F
            +---------+---------+-------+---------+---------+-------
      Total |     278 |      11 |   3.8 |      63 |       6 |   8.7
            +---------+---------+-------+---------+---------+-------
        D:1 |     103 |      11 |   9.6 |      33 |       6 |  15.4
        D:2 |     129 |       0 |   0.0 |      25 |       0 |   0.0
        D:3 |      46 |       0 |   0.0 |       5 |       0 |   0.0
            +---------+---------+-------+---------+---------+-------
